 Dungeon Crawl Stone Soup version 0.21.1-1-g345015fe64 (webtiles) character file.

99 Jannitor the Skirmisher (level 4, 0/38 HPs)
             Began as a Hill Orc Wanderer on Mar 11, 2018.
             Was an Initiate of the Shining One.
             Slain by an orc
             ... wielding a +0 club
              (3 damage)
             ... on level 2 of the Dungeon.
             The game lasted 00:04:48 (2277 turns).

Jannitor the Skirmisher (Hill Orc Wanderer)         Turns: 2277, Time: 00:04:49

Health: 0/38       AC:  3    Str: 14 (16) XL:     4   Next: 72%
Magic:  7/7        EV: 10    Int: 12 (13) God:    the Shining One [......]
Gold:   140        SH:  0    Dex:  6 (8)  Spells: 7/7 levels left

rFire    . . .     SeeInvis .   a - +2 mace
rCold    . . .     Gourm    .   (no shield)
rNeg     . . .     Faith    .   h - +0 ring mail
rPois    .         Spirit   .   (no helmet)
rElec    .         Reflect  .   (no cloak)
rCorr    .         Harm     .   (no gloves)
MR       .....                  (no boots)
Stlth    +.........             (no amulet)
HPRegen  0.12/turn              (no ring)
MPRegen  0.10/turn              (no ring)

@: about to teleport, glowing
A: blink, deformed body
a: Blink, Renounce Religion


You were on level 2 of the Dungeon.
You worshipped the Shining One.
The Shining One was noncommittal.
You were hungry.

You visited 1 branch of the dungeon, and saw 3 of its levels.

You collected 140 gold pieces.

Inventory:

Hand Weapons
 a - a +2 mace (weapon)
 e - a +0 dagger
 p - a cursed -3 hand axe
Armour
 d - a +0 robe
 h - a +0 ring mail (worn)
 i - a +0 plate armour
Scrolls
 m - 2 scrolls of remove curse
 q - a scroll of teleportation
Books
 b - the Tome of the Rocks

   Spells                             Type                      Level
   a - Sandblast                      Earth                        1
   b - Stone Arrow                    Conjuration/Earth            3
Comestibles
 f - 4 rations


   Skills:
 + Level 3.1 Fighting
 + Level 2.8 Maces & Flails
 + Level 2.8 Armour
 - Level 1.5 Stealth
 - Level 2.4 Spellcasting
   Level 2.1 Fire Magic


You had 7 spell levels left.
You didn't know any spells.

Dungeon Overview and Level Annotations

Branches:
Dungeon (3/15)

Altars:
Ashenzari
The Shining One


Innate Abilities, Weirdness & Mutations

You can translocate small distances at will.
Armour fits poorly on your strangely shaped body.


Message History

The orc hits you with a club.
The orc priest calls down the wrath of Beogh upon you.
Beogh smites you!
* * * LOW HITPOINT WARNING * * *
It was a potion of mutation.
You feel extremely strange.
Your body twists and deforms.
You feel jittery. The orc misses you.
The orc priest shouts, "Join the one true god or die!"
Unknown command.
As you read the scroll labeled WEDOHU RIPNU, it crumbles to dust.
You feel blessed for a moment.
It was a scroll of remove curse.
The orc hits you but does no damage.
As you read the scroll labeled ETIHIMOSCHY, it crumbles to dust.
The dust glows faint gridelin!
It was a scroll of random uselessness.
The orc hits you with a club.
* * * LOW HITPOINT WARNING * * *
As you read the scroll labeled HOROESETUY, it crumbles to dust.
You feel strangely unstable.
It was a scroll of teleportation.
The orc hits you with a club.
You die...

#..)......##.## ##.#.##.## #.#
#............# #.#.##>.# #.#
##((.......#### #...###.## #..
.รท.........##### #...# #..# ###
##.............####...####.##
#.........###...##>...###..###
#.................o....###...###
#.........#####o######....##....
#..........# #@## #.##.....##
##########.####..# #..#####.##
## #....##.# ##...# #... .#
####.##.#### ###.###### .#
#.......# #..## .# ####....#
##..#### .# ###### ##..... ##
######


You could see an orc.

Vanquished Creatures
  4 gnolls (D:2)
  A worm (D:2)
  A dart slug (D:1)
  A leopard gecko (D:2)
  A ball python (D:1)
  3 giant cockroaches
  5 goblins
  9 hobgoblins
  6 jackals
  8 kobolds
  5 bats
  A frilled lizard (D:2)
  6 rats
51 creatures vanquished.

Notes
Turn   | Place    | Note
-------+----------+-------------------------------------------
     0 | D:1      | Jannitor the Hill Orc Wanderer began the quest for the Orb.
     0 | D:1      | Jannitor set off with: a +2 mace, the Tome of the Rocks, a potion of lignification, a +0 robe, a +0 dagger, a ration
     0 | D:1      | Reached XP level 1. HP: 16/16 MP: 3/3
     0 | D:1      | Identified the Tome of the Rocks
   135 | D:1      | Found a shattered altar of Ashenzari.
   327 | D:1      | Reached XP level 2. HP: 24/24 MP: 5/5
   372 | D:1      | Reached skill level 2 in Fighting
   584 | D:1      | Reached XP level 3. HP: 28/29 MP: 6/6
  1351 | D:2      | Found a glowing golden altar of the Shining One.
  1608 | D:2      | Reached XP level 4. HP: 34/37 MP: 7/7
  1682 | D:2      | Became a worshipper of the Shining One
  1856 | D:2      | Reached skill level 3 in Fighting
  2271 | D:2      | Gained mutation: Armour fits poorly on your strangely shaped body. [potion of mutation]
  2271 | D:2      | Gained mutation: You can translocate small distances at will. [potion of mutation]
  2277 | D:2      | Slain by an orc

Skill      XL: |  1  2  3  4 |
---------------+-------------+-----
Fighting       | 2 3 |  3.1
Maces & Flails | 2 |  2.8
Armour         | 2 |  2.8
Stealth        | |  1.5
Spellcasting   | |  2.4
Fire Magic     | |  2.1

Action                   |  1- 3 |  4- 6 || total
-------------------------+-------+-------++-------
Melee: Mace              |   143 |    30 ||   173
  Use: Potion            |       |     6 ||     6
       Scroll            |       |     3 ||     3
  Eat: Chunk             |     2 |     2 ||     4
Armor: Robe              |     2 |       ||     2
       Ring mail         |    82 |     4 ||    86
       Skin              |       |    28 ||    28
Dodge: Dodged            |    86 |     9 ||    95
